AoeStats
← B4DILCAN

Black Forest

509143774Analyzed
3v3 RM · 5d ago on Sep 25, 2026· 41m 42s· 6 players
Game mode
Random Map
Map size
Normal (6 player)
Population
200
Speed
Normal
Resources
Standard
Victory
Conquest
Starting age
Dark Age
Ending age
Imperial Age
RankedLock teamsTeams togetherTeam positionsShared explorationLock speedFull tech treeHidden civsTurbo modeCheats
Victory
Defeat
🇺🇸 Sicilians · United States
1195
+17
🇦🇹 Burgundians · Austria
1170
+18
🇧🇷 Dravidians · Brazil
1153
+19
🇹🇷 Danes · Türkiye
1230
-19
🇹🇷 Varangians · Türkiye
1226
-18
🇹🇷 Saxons · Türkiye
1191
-17
Prince of Hell
0:48 Loom
11:20 Feudal Age
15:01 Castle Age
13:00 Double-Bit Axe
13:51 Horse Collar
16:50 Bow Saw
20:47 Heavy Plow
22:47 Town Watch
23:59 Wheelbarrow
25:40 Hand Cart
25:43 Town Patrol
26:49 Stone Mining
26:50 Gold Mining
28:04 Stone Shaft Mining
28:07 Scale Mail Armor
28:17 Forging
31:23 Imperial Age
29:08 Squires
28:53 Gambesons
28:54 Arson
29:57 Chain Mail Armor
29:33 Fletching
30:23 Iron Casting
30:06 Fletching
30:39 Ballistics
30:15 Murder Holes
30:31 Masonry
31:00 First Crusade
31:47 Elite Serjeant
31:51 Onager
31:52 Capped Ram
32:53 Conscription
33:09 Hoardings
33:35 Blast Furnace
33:06 Plate Mail Armor
32:52 Siege Ram
33:41 Bodkin Arrow
33:32 Arrowslits
34:48 Chemistry
34:35 Gold Shaft Mining
35:29 Siege Engineers
36:45 Bracer
41:17 Coinage
40:58 Guilds
40:49 Caravan
41:40 Siege Onager
HAHA
2:32 Loom
12:03 Feudal Age
16:04 Castle Age
15:14 Fletching
15:13 Double-Bit Axe
16:53 Bodkin Arrow
21:56 Padded Archer Armor
21:52 Gold Mining
23:43 Bow Saw
25:25 Wheelbarrow
24:36 Town Watch
31:34 Imperial Age
31:08 Ballistics
31:52 Thumb Ring
33:36 Chemistry
33:37 Elite Elephant Archer
34:43 Leather Archer Armor
35:44 Two-Man Saw
34:26 Horse Collar
36:41 Bracer
37:12 Ring Archer Armor
36:36 Stone Mining
GenuineWig3729
2:39 Loom
5:53 Loom
6:37 Double-Bit Axe
9:05 Loom
12:32 Feudal Age
16:17 Castle Age
14:46 Bow Saw
14:24 Horse Collar
14:44 Gold Mining
15:22 Stone Mining
15:14 Horse Collar
17:20 Wheelbarrow
24:28 Fletching
30:40 Imperial Age
28:33 Caravan
29:05 Hand Cart
28:14 Cavalier
28:54 Husbandry
30:06 Town Watch
30:19 Bodkin Arrow
30:34 Forging
31:36 Gold Shaft Mining
31:37 Stone Shaft Mining
33:19 Chemistry
32:08 Paladin
34:38 Scale Barding Armor
35:08 Iron Casting
34:34 Scale Mail Armor
42:26 Chain Barding Armor
42:21 Chain Mail Armor
43:07 Blast Furnace
42:07 Bracer
yhyalpakcy
2:58 Loom
12:15 Feudal Age
17:53 Castle Age
17:41 Horse Collar
18:59 Double-Bit Axe
19:16 Heavy Plow
27:11 Wheelbarrow
27:11 Gold Mining
29:19 Hand Cart
32:36 Imperial Age
31:05 Stone Mining
32:27 Gold Shaft Mining
31:28 Hamask
33:04 Scale Mail Armor
33:16 Forging
33:27 Bow Saw
34:23 Conscription
34:24 Chain Mail Armor
35:11 Iron Casting
34:43 Elite Jomsviking
35:30 Squires
36:14 Plate Mail Armor
35:39 Gambesons
35:40 Arson
38:51 Blast Furnace
37:42 Fletching
38:25 Bodkin Arrow
B4DILCAN
0:59 Loom
12:30 Feudal Age
16:21 Castle Age
14:30 Double-Bit Axe
15:21 Horse Collar
25:20 Wheelbarrow
25:29 Bow Saw
26:23 Heavy Plow
27:06 Fletching
27:40 Town Watch
34:04 Imperial Age
32:05 Scale Mail Armor
32:14 Scale Barding Armor
32:38 Squires
32:23 Arson
34:24 Hand Cart
34:25 Bloodlines
34:18 Husbandry
35:14 Elite Jarl
36:19 Forging
37:15 Chain Barding Armor
37:47 Conscription
38:07 Iron Casting
38:52 Plate Barding Armor
38:08 Gothikon
bjkorhanertugrul
11:39 Feudal Age
13:03 Double-Bit Axe
14:11 Loom
16:32 Castle Age
14:27 Horse Collar
15:10 Gold Mining
18:22 Wheelbarrow
18:33 Bow Saw
18:32 Heavy Plow
21:43 Stone Mining
23:13 Gold Shaft Mining
25:38 Hand Cart
25:09 Town Watch
32:09 Imperial Age
30:02 Squires
29:47 Arson
29:48 Gambesons
29:26 Man-at-Arms
31:15 Forging
31:23 Scale Mail Armor
31:13 Long Swordsman
31:14 Pikeman
33:20 Iron Casting
33:01 Chain Mail Armor
32:36 Two-Handed Swordsman
32:37 Elite Varangian Guard
32:38 Halberdier
34:38 Conscription
33:42 Shield Wall
33:43 Elite Hearth Troop
33:59 Champion
38:25 Plate Mail Armor
Connection lost

Rejoining the realm…

Still unreachable

The connection could not be restored.

Session expired

The server has moved on; the page needs a fresh start.